 Dungeon Crawl Stone Soup version 0.26-a0-683-g5206c1d7ac (webtiles) character file.

Game seed: 17607043232794073906

4265 rtg the Grappler (level 10, 0/94 HPs)
             Began as a Troll Fighter on Oct 22, 2020.
             Was an Initiate of Gozag.
             Engulfed by a steam dragon's steam (10 damage)
             ... on level 8 of the Dungeon.
             The game lasted 00:12:05 (6891 turns).

rtg the Grappler (Troll Fighter)                    Turns: 6891, Time: 00:12:06

Health: 0/94       AC:  6    Str: 29      XL:     10   Next: 10%
Magic:  9/9        EV: 14    Int:  4      God:    Gozag
Gold:   1113       SH: 11    Dex:  8 (9)  Spells: 9/9 levels left

rFire    . . .     SeeInvis .     - Unarmed
rCold    . . .     Faith    .   b - +1 kite shield
rNeg     . . .     Spirit   .   a - +0 robe
rPois    .         Reflect  .   (helmet restricted)
rElec    .         Harm     .   (no cloak)
rCorr    .         Rampage  .   (gloves unavailable)
MR       .....                  (boots unavailable)
Stlth    +.........             (no amulet)
HPRegen  0.65/turn              j - +4 ring of evasion
MPRegen  0.11/turn              (no ring)

@: mighty, gold aura
A: large, unfitting armour, claws 3, regeneration 1, shaggy fur 1, tough skin 3
a: Potion Petition, Call Merchant, Bribe Branch, Renounce Religion


You were on level 8 of the Dungeon.
You worshipped Gozag.
Gozag was most pleased with you.
You visited 2 branches of the dungeon, and saw 9 of its levels.

You collected 1184 gold pieces.
You paid 71 gold pieces to Gozag.

Inventory:

Armour
 a - a +0 robe (worn)
 b - a +1 kite shield (worn)
Jewellery
 j - a +4 ring of evasion (left claw)
Wands
 l - a wand of iceblast (10)
 t - a wand of flame (35)
 y - a wand of paralysis (7)
Scrolls
 e - 8 scrolls of remove curse
 f - 2 scrolls of magic mapping
 g - 5 scrolls of identify
 h - 2 scrolls of teleportation
 i - 5 scrolls of enchant armour
 o - 2 scrolls of enchant weapon
 r - a scroll of blinking
 w - 2 scrolls of immolation {unknown}
Potions
 c - a potion of might
 d - 6 potions of curing
 k - 3 potions of magic
 m - a potion of lignification {unknown}
 n - 2 potions of brilliance {unknown}
 p - a potion of invisibility {unknown}
 q - a potion of degeneration {unknown}
 s - 2 potions of flight
 u - a potion of cancellation {unknown}
 v - a potion of berserk rage {unknown}


   Skills:
 * Level 4.7 Fighting
 * Level 6.0 Dodging
 * Level 5.5 Shields
 * Level 10.8 Unarmed Combat


You had 9 spell levels left.
You didn't know any spells.
Your spell library contained the following spells:

 Spells                   Type           Power        Failure   Level
 Animate Skeleton         Necr           #.....       77%         1
 Pain                     Necr           #...         77%         1
 Vampiric Draining        Necr           #.........   98%         3
 Animate Dead             Necr           #.........   100%        4
 Agony                    Necr           #.......     100%        5


Dungeon Overview and Level Annotations

Branches:
Dungeon (8/15)             Temple (1/1) D:5
   Lair: D:8-11

Altars:
Ashenzari
Cheibriados
Dithmenos
Elyvilon
Fedhas
Gozag
Hepliaklqana
Kikubaaqudgha
Makhleb
Nemelex Xobeh
Okawaru
Qazlal
Sif Muna
Trog
Uskayaw
Vehumet
Wu Jian
Yredelemnul
Zin
The Shining One

Shops:
D:8 (:

Annotations:
D:7 3 runed translucent doors, exclusion: statue, ANON1729's ghost, novice OpCK
D:8 Harold; Maurice


Innate Abilities, Weirdness & Mutations

You are too large for most types of armour.
You have claws for hands.
Your natural rate of healing is unusually fast.
You are covered in fur. (AC +1)
You have extremely tough skin. (AC +3)


Message History

You mangle the steam dragon!!
The steam dragon is almost dead.
You are engulfed in a cloud of scalding steam.
* * * LOW HITPOINT WARNING * * *
You hear a zap.
Something tries to affect you, but you resist.
You block the steam dragon's attack. The steam dragon barely misses you.
Something hits you but does no damage.
You closely miss the steam dragon.
The steam dragon is almost dead.
Something hits you.
* * * LOW HITPOINT WARNING * * *
Something steals the ring "Fimim" {*Tele rPois MP+9 Stlth+}!
The steam dragon breathes steam at you. The ball of steam hits you!
* * * LOW HITPOINT WARNING * * *
You feel very mighty all of a sudden.
You are engulfed in a cloud of scalding steam.
You die...
Your body crumbles into a pile of gold.

#####....#.#
#......§§§.#
#..........#
#.......§§.#
#.....(§...#
#........§##
#.....$§§§#
......≈.§.#
......≈$@{#
........D......#
.?.###.........#
### #.........#
#.........#
#...≈≈....#
#.........#
#.........#


You could see a steam dragon (catching breath).

Vanquished Creatures
  A two-headed ogre (D:8)
  Prince Ribbit (D:5)
  Edmund (D:5)
  2 orc warriors (D:7)
  2 black bears
  A phantom (D:5)
  6 ogres
  2 bullfrogs
  A gnoll sergeant (D:6)
  3 scorpions
  A water moccasin skeleton (D:7)
  3 killer bees
  8 wights
  3 howler monkeys
  A bullfrog zombie (D:7)
  A centaur zombie (D:4)
  2 quasits
  2 orc priests
  2 hounds
  A bullfrog skeleton (D:8)
  15 orc wizards
  Jessica (D:3)
  An iguana (D:6)
  4 worker ants
  2 hound skeletons
  27 gnolls
  A worker ant zombie (D:6)
  11 adders
  An ooze (D:6)
  An adder zombie (D:5)
  2 adder skeletons
  8 worms
  A dart slug (D:3)
  3 leopard geckos
  29 orcs
  3 giant cockroaches
  11 goblins
  10 hobgoblins
  10 jackals
  13 kobolds
  5 quokkas
  3 ball pythons
  6 bats
  5 frilled lizards
  A giant cockroach zombie (D:5)
  A leopard gecko zombie (D:5)
  11 rats
230 creatures vanquished.

Vanquished Creatures (others)
  2 orc wizards
  5 plants
7 creatures vanquished.

Grand Total: 237 creatures vanquished

Notes
Turn   | Place    | Note
-------+----------+-------------------------------------------
     0 | D:1      | rtg the Troll Fighter began the quest for the Orb.
     0 | D:1      | Reached XP level 1. HP: 22/22 MP: 0/0
    95 | D:1      | Reached XP level 2. HP: 26/29 MP: 1/1
   557 | D:1      | Reached XP level 3. HP: 36/36 MP: 2/2
   822 | D:2      | Found a glowing golden altar of the Shining One.
  1024 | D:2      | Reached XP level 4. HP: 44/44 MP: 3/3
  1050 | D:2      | Found a burning altar of Makhleb.
  1097 | D:2      | Reached skill level 3 in Unarmed Combat
  1668 | D:3      | Reached XP level 5. HP: 28/52 MP: 4/4
  1673 | D:3      | Reached skill level 4 in Unarmed Combat
  2022 | D:3      | Found a shimmering blue altar of Sif Muna.
  2160 | D:3      | Noticed Jessica
  2163 | D:3      | Killed Jessica
  2332 | D:4      | Reached XP level 6. HP: 43/61 MP: 5/5
  2715 | D:4      | Reached skill level 5 in Unarmed Combat
  2754 | D:4      | Reached XP level 7. HP: 67/67 MP: 6/6
  3220 | D:5      | Entered Level 5 of the Dungeon
  3220 | D:5      | Found a staircase to the Ecumenical Temple.
  3228 | Temple   | Entered the Ecumenical Temple
  3469 | Temple   | Became a worshipper of Gozag Ym Sagoz the Greedy
  3496 | D:5      | Noticed Edmund
  3512 | D:5      | Killed Edmund
  3533 | D:5      | Found an ornate altar of the Wu Jian Council.
  3552 | D:5      | Noticed Prince Ribbit
  3570 | D:5      | Killed Prince Ribbit
  3570 | D:5      | Reached skill level 6 in Unarmed Combat
  3782 | D:5      | Reached XP level 8. HP: 75/75 MP: 7/7
  3861 | D:5      | Noticed a moth of wrath
  3864 | D:5      | Found a bloodstained altar of Trog.
  3948 | D:5      | Reached skill level 7 in Unarmed Combat
  4001 | D:5      | Found an iron altar of Okawaru.
  4469 | D:6      | Found a snail-covered altar of Cheibriados.
  4470 | D:6      | Found a sparkling altar of Nemelex Xobeh.
  4470 | D:6      | Identified the ring "Fimim" {*Tele rPois MP+9 Stlth+}
  4527 | D:6      | Reached skill level 8 in Unarmed Combat
  5180 | D:7      | Reached skill level 5 in Dodging
  5259 | D:7      | Reached XP level 9. HP: 84/84 MP: 8/8
  5485 | D:7      | Reached skill level 9 in Unarmed Combat
  5634 | D:7      | Found a radiant altar of Vehumet.
  5725 | D:7      | Found a hazy altar of Hepliaklqana.
  5768 | D:7      | Reached skill level 5 in Shields
  5991 | D:7      | Reached skill level 10 in Unarmed Combat
  6002 | D:7      | Found a runed translucent gate.
  6003 | D:7      | Found a runed translucent gate.
  6004 | D:7      | Found a runed translucent gate.
  6006 | D:7      | Noticed ANON1729's ghost (novice OpCK)
  6257 | D:8      | Found a stormy altar of Qazlal.
  6418 | D:8      | Found Isocaseb's Book Boutique.
  6517 | D:8      | Found Imaat's Antique Weapon Shoppe.
  6518 | D:8      | Noticed a two-headed ogre
  6523 | D:8      | Killed a two-headed ogre
  6523 | D:8      | Reached XP level 10. HP: 72/94 MP: 9/9
  6716 | D:8      | Noticed Harold
  6770 | D:8      | Found a blossoming altar of Fedhas.
  6878 | D:8      | Noticed Maurice
  6891 | D:8      | Engulfed by a steam dragon's steam

Illustrated notes

Levels and vault maps discovered:
D:1:      scummos_arrival_simple_fountains, layout_basic,
          minmay_misc_feat_pillars, minmay_pentomino_t4
D:2:      layout_loops_corners, lemuel_crystal_altar, lemuel_doored_altar,
          corexii_shack
D:3:      layout_rooms, led_sif_book, uniq_jessica
D:4:      layout_loops_ring
D:5:      layout_cave_pools, marbit_many_paths, tgw_trog, old_standard_altar,
          minmay_temple_entry_large_hall, serial_bayou_pond_c,
          kennysheep_generic_room_2, uniq_edmund, uniq_prince_ribbit1
D:6:      layout_basic, gammafunk_temple_overflow_statue
D:7:      layout_basic, vehumet_statue, nicolae_overflow_crystal_walls,
          gammafunk_ghost_necromancy, minmay_a_box_with_orc_wizards_in_it
D:8:      layout_basic, grunt_temple_overflow_forces_of_nature, serial_shops,
          nicolae_shop_behind_doors, nicolae_shop_overgrown_old_shop, shop,
          uniq_maurice, uniq_harold
Temple:   jpeg_temple_island

Skill      XL: |  1  2  3  4  5  6  7  8  9 10 |
---------------+-------------------------------+-----
Dodging        | 3 4 5 6 |  6.0
Unarmed Combat | 3 4 5 6 8 10 | 10.8
Shields        | 3 4 5 |  5.5
Fighting       | 3 4 |  4.7

Action                   |  1- 3 |  4- 6 |  7- 9 | 10-12 || total
-------------------------+-------+-------+-------+-------++-------
Melee: Unarmed           |   107 |   166 |   382 |    27 ||   682
  Use: Scroll            |       |    11 |       |       ||    11
       Potion            |       |       |     2 |     1 ||     3
 Stab: Sleeping          |       |     1 |       |       ||     1
       Distracted        |       |       |     3 |       ||     3
Armor: Robe              |    47 |    48 |    53 |     7 ||   155
Dodge: Dodged            |    40 |    46 |   150 |    14 ||   250
Block: Kite shield       |    34 |    66 |   162 |    17 ||   279

Table legend: (Time is in decaauts)
 A = Elapsed time spent in this place.
 B = Non-inter-level travel time spent in this place.
 C = Inter-level travel time spent in this place.
 D = Time resting spent in this place.
 E = Time spent auto-exploring this place.
 F = Levels seen in this place.
 G = Mean time per level.
                   A        B        C        D        E       F      G
               +--------+--------+--------+--------+--------+-----+--------+
         Total |   6919 |   6633 |    286 |   1052 |   4167 |   9 |  768.8 |
       Dungeon |   6613 |   6365 |    248 |   1052 |   3903 |   8 |  826.6 |
        Temple |    306 |    268 |     38 |      0 |    264 |   1 |  306.0 |
               +--------+--------+--------+--------+--------+-----+--------+

Top non-repeatable levels by time:
     D:6: 1112 daAuts
     D:7: 907 daAuts
     D:4: 897 daAuts
     D:2: 872 daAuts
     D:5: 779 daAuts
     D:3: 777 daAuts
     D:1: 675 daAuts
     D:8: 591 daAuts
  Temple: 306 daAuts
